Map: Kairos Junction LE

Players

Mesrob

  • Race: Terran Terran
  • League: Platinum
  • Spawn Location: 11:00

Maru - Winner!

  • Race: Terran Terran
  • Spawn Location: 5:00

VOD

Have the link to the VOD?

Description

Time

  • Played on: July 11, 2019, 4:47 p.m.
  • Length: 5:24
Show
View Real Time Build Order
Export as new Build Order

Mesrob Terran 

Build Orders: 2 Factory 

Get SALT Encoding   

  12  0:00  SCV  
  13  0:12  SCV  
  14  0:17  Supply Depot  
  14  0:24  SCV  
  15  0:38  SCV  
  15  0:40  Barracks  
  16  0:46  Refinery  
  16  0:50  SCV  
  17  1:03  SCV  
  18  1:15  SCV  
  19  1:28  Orbital Command  
  19  1:40  Command Center  
  20  1:54  Reaper  
  20  1:56  SCV  
  21  2:06  Factory  
  21  2:22  SCV  
  22  2:29  Refinery, Barracks Tech Lab  
  22  2:34  SCV  
  22  2:47  SCV  
  23  3:02  Factory  
  23  3:07  Supply Depot  
  23  3:15  Cyclone  
  18  3:34  Reaper  
  14  3:47  SCV x2  
  8  4:04  Orbital Command  
  8  4:07  Hellion  
  12  4:14  SCV  
  8  4:26  SCV  
  8  4:30  SCV  
  10  4:35  Factory Reactor  
  11  4:38  SCV  
  11  4:42  SCV  
  12  4:50  SCV  
Show
View Real Time Build Order
Export as new Build Order

Maru Terran - Winner!

Build Orders:  

Get SALT Encoding   

  12  0:00  SCV  
  13  0:13  SCV  
  14  0:19  Supply Depot  
  14  0:25  SCV  
  15  0:28  Refinery  
  15  0:40  SCV  
  16  0:47  Barracks  
  16  0:52  SCV  
  17  0:58  Refinery  
  17  1:05  SCV  
  18  1:17  SCV  
  19  1:34  Orbital Command  
  19  1:37  Factory  
  19  1:41  Reaper  
  20  1:51  Supply Depot  
  20  1:59  SCV  
  21  2:11  SCV  
  21  2:13  Reaper  
  21  2:14  Supply Depot  
  23  2:21  Hellion  
  25  2:23  SCV  
  26  2:36  SCV  
  27  2:44  Command Center  
  27  2:53  SCV  
  27  2:55  Barracks Tech Lab  
  27  2:56  Factory Tech Lab, Barracks Reactor  
  28  2:59  Starport  
  28  3:05  SCV  
  28  3:07  Supply Depot  
  29  3:22  SCV  
  29  3:24  Cyclone  
  34  3:34  SCV  
  34  3:36  Marine x2  
  36  3:46  SCV  
  35  3:56  Siege Tank  
  35  3:58  SCV  
  35  4:01  Marine  
  35  4:02  Marine  
  40  4:03  Medivac  
  40  4:04  Orbital Command  
  42  4:10  SCV  
  43  4:19  Marine x2  
  44  4:24  SCV  
  44  4:27  Supply Depot  
  44  4:28  Siege Tank  
  48  4:34  SCV  
  48  4:37  Marine x2  
  51  4:46  SCV  
  51  4:47  SCV  
  51  4:52  Viking  
  55  4:55  Marine x2  
  55  4:58  SCV  
  65  5:21  Refinery  
Tags
 
League
Platinum
Matchup
TvT
Opening
2 Factory
Race
Terran
Replay Pack
sc2 replays
Spawn Locations
Cross Positions
Add a new tag
Caveats
  • Supply blocks, unpowered buildings, or Contaminate may cause inaccurate times.
  • Supply counts are checked every 10 seconds.